 Dungeon Crawl Stone Soup version 0.28-a0-664-gc179e30c89 (webtiles) character file.

Game seed: 13677726611332426382

26 flotson the Sneak (level 2, 0/24 HPs)
             Began as a Demonspawn Delver on Oct 15, 2021.
             Succumbed to an adder's poison
             ... on level 3 of the Dungeon.
             The game lasted 00:01:35 (1050 turns).

flotson the Sneak (Demonspawn Delver)               Turns: 1050, Time: 00:01:36

Health: 0/24       AC:  4    Str: 12    XL:     2   Next: 89%
Magic:  2/2        EV: 12    Int: 11    God:
Gold:   0          SH:  0    Dex: 14    Spells: 1/1 levels left

rFire   . . .      SeeInvis .   a - +0 hand axe
rCold   . . .      Faith    .   (no shield)
rNeg    . . .      Spirit   .   b - +0 leather armour
rPois   .          Reflect  .   i - +0 helmet
rElec   .          Harm     .   (no cloak)
rCorr   .          Rampage  .   (no gloves)
Will    .....                   (no boots)
Stlth   ++........              (no amulet)
HPRegen 0.08/turn               (no ring)
MPRegen 0.08/turn               (no ring)

@: lethally poisoned (0 -> -5)
A: powered by pain 1
a: no special abilities


You were on level 3 of the Dungeon.
You visited 2 branches of the dungeon, and saw 4 of its levels.

Inventory:

Hand Weapons
 a - a +0 hand axe (weapon)
Armour
 b - a +0 leather armour (worn)
 i - a +0 helmet (worn)
Wands
 g - a wand of digging (3)
Scrolls
 c - a scroll of fog
 d - a scroll of magic mapping


   Skills:
 + Level 3.4 Fighting
 - Level 1.7 Axes
 + Level 1.2 Armour
 + Level 2.2 Dodging
 - Level 4.5 Stealth


You had one spell level left.
You didn't know any spells.
Your spell library was empty.

Dungeon Overview and Level Annotations

Branches:
Dungeon (5/15)             Temple (1/1) D:5

Altars:
Ashenzari
Dithmenos
Elyvilon
Kikubaaqudgha
Nemelex Xobeh
Okawaru
Ru
Uskayaw
Wu Jian
Xom
Yredelemnul
Zin
The Shining One


Innate Abilities, Weirdness & Mutations

You sometimes gain a little power by taking damage.


Message History

The frilled lizard looks frightened!
Cornered, the jackal turns to fight!
Found 16 gold pieces.
The jackal barely misses you.
The jackal pauses to sniff the ground.
The jackal barely misses you. The jackal misses you.
Found 23 sling bullets.
The jackal bites you but does no damage.
You feel yourself speed up. The jackal barely misses you.
You closely miss the jackal. You hit the adder but do no damage.
Your attack snaps the adder out of its fear.
The jackal closely misses you. The adder bites you.
Unknown command.
You closely miss the adder. You barely miss the jackal.
The jackal bites you but does no damage.
The adder bites you.
You are poisoned.
The adder poisons you!
Unknown command.
You closely miss the adder. You closely miss the jackal.
You feel sick. The jackal barely misses you. The adder misses you.
Unknown command.
It was a potion of cancellation.
Your magical effects are unravelling.
You feel magically purged.
You feel yourself slow down.
You feel sick. The jackal bites you.
* * * LOW HITPOINT WARNING * * *
The adder closely misses you.
You barely miss the adder. You closely miss the jackal.
You feel sick. The jackal barely misses you. The adder bites you.
* * * LOW HITPOINT WARNING * * *
You are lethally poisoned!
The adder poisons you! The jackal barely misses you.
Unknown command.
You hit the adder.
The adder is lightly wounded.
You hit the jackal.
You die...

##### #...
#...####### #...
###.......rg##
#...####......)..hg..
#.$................#>
#...####......#.Sh...
(.. ##.#.###.##g..
#S#####.....#.##.#.
#.@hS....≈.≈..≈≈..≈
#########.≈..≈.≈.≈≈
#≈≈≈≈r≈≈≈≈≈
.≈≈≈≈≈≈≈≈≈ ≈≈≈≈≈≈≈≈≈
≈≈≈≈.♣.≈S ≈≈≈♣


You could see an adder, a jackal and a ball python.

Vanquished Creatures
  A hound skeleton (D:4)
  An adder (D:4)
  3 goblins
5 creatures vanquished.

Notes
Turn   | Place    | Note
-------+----------+-------------------------------------------
     0 | D:5      | flotson the Demonspawn Delver began the quest for the Orb.
     0 | D:5      | Reached XP level 1. HP: 18/18 MP: 1/1
    22 | D:5      | Noticed a jelly
    65 | D:5      | Found a staircase to the Ecumenical Temple.
    72 | Temple   | Entered the Ecumenical Temple
   535 | D:5      | Found a shadowy altar of Dithmenos.
   555 | D:5      | Noticed a phantom
   734 | D:4      | Gained mutation: You sometimes gain a little power by
                  | taking damage. [demonic ancestry]
   734 | D:4      | Reached XP level 2. HP: 24/24 MP: 2/2
   848 | D:4      | Reached skill level 1 in Armour
  1050 | D:3      | Succumbed to an adder's poison

Illustrated notes

Levels and vault maps discovered:
D:3:      layout_basic, mainiacjoe_overflow_paths,
          chequers_ecumenical_altar_island
D:4:      layout_loops_corners, hangedman_decor_growths, minmay_checkerbox
D:5:      layout_loops_ring, kennysheep_little_box,
          nicolae_dithmenos_through_a_glass_darkly,
          minmay_temple_entry_drinking_statues
Temple:   minmay_temple_forest_path

Skill      XL: |  1  2 |
---------------+-------+-----
Dodging        | 2 |  2.2
Armour         | 1 |  1.2
Fighting       | |  3.4
Axes           | |  1.7
Stealth        | |  4.5

Action                   || total
-------------------------++-------
Melee: Hand axe          ||    24
  Use: Potion            ||     2
       Scroll            ||     1
Armor: Leather armour    ||    11
Dodge: Dodged            ||    34

Table legend: (Time is in decaauts)
 A = Elapsed time spent in this place.
 B = Non-inter-level travel time spent in this place.
 C = Inter-level travel time spent in this place.
 D = Time resting spent in this place.
 E = Time spent auto-exploring this place.
 F = Levels seen in this place.
 G = Mean time per level.
                   A        B        C        D        E       F      G
               +--------+--------+--------+--------+--------+-----+--------+
         Total |   1053 |    898 |    155 |      0 |    718 |   4 |  263.2 |
       Dungeon |    630 |    518 |    112 |      0 |    351 |   3 |  210.0 |
        Temple |    422 |    379 |     43 |      0 |    367 |   1 |  422.0 |
               +--------+--------+--------+--------+--------+-----+--------+

Top non-repeatable levels by time:
  Temple: 422 daAuts
     D:4: 305 daAuts
     D:5: 290 daAuts
     D:3: 34 daAuts
